AoeStats
← Julek

Arabia

506204547Analyzed
1v1 RM · 18d ago on Sep 12, 2026· 82m 16s· 2 players
Game mode
Random Map
Map size
Tiny (2 player)
Population
200
Speed
Normal
Resources
Standard
Victory
Conquest
Starting age
Dark Age
Ending age
Imperial Age
RankedLock teamsTeams togetherTeam positionsShared explorationLock speedFull tech treeHidden civsTurbo modeCheats
Victory
Defeat
🇲🇽 Saracens · Mexico
1156
+16
🇦🇺 Bulgarians · Australia
1153
-16
Julek
7:59 Loom
10:31 Feudal Age
11:27 Double-Bit Axe
15:49 Scale Mail Armor
16:32 Forging
16:16 Horse Collar
17:03 Arson
20:28 Wheelbarrow
23:31 Castle Age
21:30 Arson
22:34 Scale Barding Armor
23:55 Gold Mining
25:01 Bow Saw
25:38 Chain Mail Armor
26:29 Iron Casting
30:05 Chain Barding Armor
34:38 Gold Shaft Mining
34:05 Heavy Plow
36:58 Fletching
41:50 Imperial Age
39:20 Stone Mining
40:07 Ballistics
41:12 Masonry
41:16 Bloodlines
41:59 Stone Shaft Mining
42:03 Hand Cart
41:56 Capped Ram
42:43 Light Cavalry
44:32 Onager
45:22 Siege Ram
45:37 Hussar
46:15 Heavy Scorpion
47:53 Devotion
50:37 Padded Archer Armor
53:25 Plate Barding Armor
54:50 Blast Furnace
53:57 Husbandry
57:48 Elite Skirmisher
59:12 Conscription
66:54 Bodkin Arrow
67:08 Thumb Ring
68:19 Siege Onager
70:20 Siege Engineers
b1gFooot
3:01 Loom
11:49 Feudal Age
13:36 Wheelbarrow
12:53 Double-Bit Axe
14:16 Town Watch
14:22 Horse Collar
21:51 Castle Age
20:02 Gold Mining
22:03 Stone Mining
22:13 Fletching
27:43 Gold Shaft Mining
31:46 Hand Cart
33:16 Redemption
33:30 Heavy Plow
36:55 Bloodlines
36:45 Husbandry
37:19 Scale Barding Armor
41:03 Imperial Age
40:18 Forging
41:29 Chain Barding Armor
41:46 Iron Casting
41:48 Bow Saw
42:08 Block Printing
43:00 Theocracy
43:55 Fervor
44:11 Illumination
44:27 Plate Barding Armor
44:53 Blast Furnace
46:58 Conscription
47:08 Bodkin Arrow
47:13 Padded Archer Armor
47:49 Sanctity
50:14 Elite Mameluke
51:09 Bracer
56:16 Leather Archer Armor
61:51 Siege Engineers
64:19 Ring Archer Armor
63:50 Scale Mail Armor
64:55 Chemistry
63:54 Murder Holes
67:10 Man-at-Arms
67:36 Gambesons
67:12 Pikeman
67:52 Squires
68:11 Chain Mail Armor
73:54 Light Cavalry
74:24 Treadmill Crane
75:08 Ballistics
78:39 Hussar
Connection lost

Rejoining the realm…

Still unreachable

The connection could not be restored.

Session expired

The server has moved on; the page needs a fresh start.